 Dungeon Crawl Stone Soup version 0.32-a0-999-gfa1cc04b1d (webtiles) character file.

Game seed: 14812287712964383135

203 GiantSquids the Covert (level 5, -4/36 HPs)
             Began as an Octopode Delver on Apr 25, 2024.
             Slain by an orc
             ... wielding a +1 whip of flaming
              (6 damage)
             ... on level 4 of the Dungeon.
             The game lasted 00:02:17 (429 turns).

GiantSquids the Covert (Octopode Delver)             Turns: 429, Time: 00:02:18

Health: -4/36      AC:  1    Str: 11    XL:     5   Next: 81%
Magic:  5/5        EV: 12    Int: 12    God:
Gold:   7          SH:  0    Dex: 16    Spells: 4/4 levels left

rFire   . . .        a - +0 short sword
rCold   . . .        (no shield)
rNeg    . . .        (helmet restricted)
rPois   .            (no amulet)
rElec   .            (no ring)
rCorr   .            (no ring)
SInv    .            (no ring)
Will    .....        (no ring)
Stlth   +++          (no ring)
HPRegen 0.26/turn    (no ring)
MPRegen 0.09/turn    (no ring)
                     (no ring)

%: no passive effects
@: confused
A: almost no armour, amphibious, 8 rings, camouflage 1, gelatinous body 1,
(nimble swimmer 1), tentacles
a: no special abilities


You were on level 4 of the Dungeon.
You visited 1 branch of the dungeon, and saw 2 of its levels.

You collected 7 gold pieces.

Inventory:

Hand Weapons
 a - a +0 short sword (weapon)
Wands
 f - a wand of digging (3)
Scrolls
 b - 2 scrolls of fog
 c - a scroll of revelation
 d - a scroll of fear
 g - 2 scrolls of identify {unknown}
Potions
 e - a potion of haste


   Skills:
 - Level 3.0 Fighting
 * Level 4.8 Short Blades
 - Level 2.0 Dodging
 + Level 8.1 Stealth


You had 4 spell levels left.
You didn't know any spells.
Your spell library was empty.

Dungeon Overview and Level Annotations

Branches:
Dungeon (5/15)
 Temple: D:4-7

Altars:
Okawaru
Yredelemnul

Annotations:
D:5 Menkaure, Sigmund


Innate Abilities, Weirdness & Mutations

You cannot wear most types of armour.
You are amphibious.
You can wear up to eight rings at the same time.
Your skin changes colour to match your surroundings (Stealth+).
Your rubbery body absorbs attacks. (AC +1, EV +1)
((You are camouflaged when in or above water. (Stealth+)))
You have tentacles for arms and can constrict up to eight enemies at once.


Message History

You constrict the sleepcap.
You destroy the sleepcap!
Your Stealth skill increases to level 8!
An adder comes into view.
Found an ivory wand.
There is a stone staircase leading down here.
Found a stone staircase leading up.
The helpless adder fails to defend itself.
You impale the adder!!
You kill the adder!
There is a stone staircase leading up here.
Found a scroll of fog.
Found a scroll labelled WOD FAEWKOANO.
b - 2 scrolls of fog (gained 1)
g - 2 scrolls labelled WOD FAEWKOANO (gained 1)
You hear the slow rusting of a distant drain.
An orc wizard comes into view. It is wielding a +0 dagger.
An orc comes into view. It is wielding a +1 whip of flaming.
An orc comes into view.
It is wielding a +1 flail of protection.
The orc wizard shouts!
The orc shouts! x2; You hear a shout!
The orc hits you with a +1 flail of protection!
The orc wizard closely misses you.
An orc comes into view. It is wielding a +0 whip.
You completely miss the orc wizard.
The orc shouts!
You grab the orc wizard. You constrict the orc wizard.
The orc hits you with a +1 flail of protection!
The orc wizard casts a spell at you.
You are confused.
You barely miss the orc. You constrict the orc wizard.
The orc hits you with a +1 flail of protection!
* * * LOW HITPOINT WARNING * * *
The orc wizard barely misses you.
You release your grip on the orc wizard.
Found 7 stones.
The orc attacks as it pursues you!
The orc hits you with a +1 flail of protection.
* * * LOW HITPOINT WARNING * * *
You bump into the rock wall.
The orc hits you with a +1 whip of flaming.
You die...

.. .. .. ##.#... .
#..#.# .. ##.
#.#..# ... #..
##...# ####.. #.#
#...# #.....
#.####..#####.##.#
#.#.....##.....#..
#@o.###........#.#
#oo.# ###......#..
#.o#.# ##.....#.#
#.##..............#
#. ....####.....#..
#. .##.# #.......#
#( . .# #.....#.#
#### .# ##.####..
#. ###


You could see an orc wizard and 3 orcs.

Vanquished Creatures
  A water moccasin (D:5)
  A scorpion (D:5)
  A sleepcap (D:4)
  2 adders
  An orc (D:5)
6 creatures vanquished.

Notes
Turn   | Place    | Note
-------+----------+-------------------------------------------
     0 | D:5      | GiantSquids the Octopode Delver began the quest for the
                  | Orb.
     0 | D:5      | Reached XP level 1. HP: 16/16 MP: 1/1
    27 | D:5      | Found a basalt altar of Yredelemnul.
    39 | D:5      | Reached XP level 2. HP: 9/21 MP: 2/2
    46 | D:5      | HP: 1/21 [poisoned by an adder]
   153 | D:5      | Noticed Sigmund
   153 | D:5      | Noticed Menkaure
   170 | D:5      | Found an iron altar of Okawaru.
   180 | D:5      | Noticed a water moccasin
   214 | D:5      | Noticed a scorpion
   224 | D:5      | Killed a scorpion
   225 | D:5      | Reached skill level 7 in Stealth
   225 | D:5      | Reached XP level 3. HP: 15/26 MP: 3/3
   225 | D:5      | Reached XP level 4. HP: 18/31 MP: 4/4
   336 | D:5      | Killed a water moccasin
   337 | D:5      | Reached XP level 5. HP: 36/36 MP: 5/5
   393 | D:4      | Reached skill level 8 in Stealth
   429 | D:4      | Slain by an orc

Illustrated notes

Levels and vault maps discovered:
D:4:      layout_rooms, lemuel_crystal_altar, nemelex_diamond_rough_becter,
          mainiacjoe_sewer_entry_somewhere_in_here_1, serial_corexii_hall,
          chequers_hall_statues_wall_a, chequers_hall_statues_y,
          corexii_hall_statues_i
D:5:      layout_rooms, mainiacjoe_overflow_large_starburst, solitary_fountain,
          uniq_sigmund, uniq_menkaure

Skill      XL: |  1  2  3  4  5 |
---------------+----------------+-----
Short Blades   | 3 4 |  4.8
Stealth        | 7 8 |  8.1
Fighting       | |  3.0
Dodging        | |  2.0

Action                     |  1- 3 |  4- 6 || total
---------------------------+-------+-------++-------
  Melee: Short sword       |    14 |     8 ||    22
         Constrict         |     3 |     2 ||     5
         Tentacles         |     3 |     2 ||     5
   Stab: Sleeping          |       |     2 ||     2
 Armour: Skin              |     4 |     6 ||    10
  Dodge: Dodged            |     8 |     3 ||    11

Table legend: (Time is in decaauts)
 A = Elapsed time spent in this place.
 B = Non-inter-level travel time spent in this place.
 C = Inter-level travel time spent in this place.
 D = Time resting spent in this place.
 E = Time spent auto-exploring this place.
 F = Levels seen in this place.
 G = Mean time per level.
                   A        B        C        D        E       F      G
               +--------+--------+--------+--------+--------+-----+--------+
         Total |    425 |    425 |      0 |    158 |      5 |   2 |  212.5 |
       Dungeon |    425 |    425 |      0 |    158 |      5 |   2 |  212.5 |
               +--------+--------+--------+--------+--------+-----+--------+

Top non-repeatable levels by time:
     D:5: 363 daAuts
     D:4: 62 daAuts
